 Dungeon Crawl Stone Soup version 0.20-a0-299-gec7c366 (webtiles) character file.

360 snakesoul the Vexing (level 6, -9/41 HPs)
             Began as a Vampire Enchanter on Dec 15, 2016.
             Killed by divine providence
             ... invoked by an orc priest
              (12 damage)
             ... on level 4 of the Dungeon.
             The game lasted 00:09:59 (3714 turns).

snakesoul the Vexing (Vampire Enchanter)            Turns: 3714, Time: 00:10:00

Health: -9/41      AC:  8    Str:  7    XL:     6   Next: 38%
Magic:  0/11       EV: 13    Int: 17    God:
Gold:   144        SH:  0    Dex: 17    Spells: 0/12 levels left

rFire  + . .     SeeInvis +     a - +1 dagger
rCold  + . .     Gourm    .     b - +1 robe
rNeg   + + .     Faith    .     (no shield)
rPois  +         Spirit   .     s - +0 helmet of the Harvest {rF+} (curse)
rElec  .         Reflect  .     (no cloak)
rCorr  .         Harm     .     k - +0 pair of gloves
MR     .....                    (no boots)
Stlth  +++++.....               (no amulet)
                                c - +3 ring of protection
                                h - ring of wizardry

@: regenerating slowly
A: fangs 3, see invisible, unbreathing
a: Bat Form


You were on level 4 of the Dungeon.
You were very thirsty.

You visited 1 branch of the dungeon, and saw 4 of its levels.

You collected 144 gold pieces.

Inventory:

Hand Weapons
 a - a +1 dagger (weapon)
Armour
 b - a +1 robe (worn)
 k - a +0 pair of gloves (worn)
 m - a +0 helmet
 s - the cursed +0 helmet of the Harvest (worn) {rF+}
   (You took it off Robin on level 3 of the Dungeon)

   It protects you from fire.
   It has a curse placed upon it.
Jewellery
 c - a +3 ring of protection (right hand)
 h - a ring of wizardry (left hand)
Wands
 d - a wand of slowing (22/48)
 q - a wand of flame (34/48)
 r - a wand of slowing (7/48)
 u - a wand of paralysis (11/24)
Scrolls
 e - 2 scrolls of enchant armour {unknown}
 g - 4 scrolls of teleportation {unknown}
 i - a scroll of recharging {unknown}
 j - 2 scrolls of random uselessness {unknown}
 n - a scroll of amnesia {unknown}
 o - 4 scrolls of identify {unknown}
 p - a scroll of remove curse {unknown}
Potions
 l - a potion of magic {unknown}
 t - a potion of brilliance {unknown}
 v - a potion of cancellation {unknown}


   Skills:
 + Level 3.2 Short Blades
 - Level 2.1 Dodging
 + Level 6.6 Stealth
 + Level 3.7 Spellcasting
 + Level 6.6 Hexes


You couldn't memorise any spells.
You knew the following spells:

 Your Spells              Type           Power        Failure   Level  Hunger
a - Corona                Hex            ####...      1%          1    None
b - Ensorcelled Hibernat  Hex/Ice        ##....       4%          2    ##.....
c - Confuse               Hex            ####....     1%          3    ###....
d - Tukima's Dance        Hex            ####....     1%          3    ###....
e - Dazzling Spray        Conj/Hex       ##....       6%          3    ###....


Dungeon Overview and Level Annotations

Branches:
Dungeon (4/15)
 Temple: D:4-7

Altars:
Cheibriados
Okawaru
The Shining One


Innate Abilities, Weirdness & Mutations

You heal slowly.
You have razor-sharp teeth.
You have supernaturally acute eyesight. (SInv)
You can survive without breathing.


Message History

The orc priest is almost dead.
The orc priest barely misses you. The orc priest closely misses you.
Casting: Ensorcelled Hibernation
Confirm with . or Enter, or press ? or * to list all spells.
Aiming: Ensorcelled Hibernation
Press: ? - help, Shift-Dir - straight line, f - orc priest, p - orc priest
Aim: an orc priest, wielding a flail and wearing a ring mail (chance to defeat MR: 45%)
The orc priest resists with some effort.
The orc priest hits you with a mace.
* * * LOW HITPOINT WARNING * * *
The orc priest invokes the aid of Beogh against you.
You struggle to resist.
You hit the orc priest but do no damage.
The orc priest is almost dead.
The orc priest looks encouraged for a moment.
You closely miss the orc priest.
The orc priest is almost dead.
The orc priest mumbles some strange prayers to Beogh against you.
Beogh smites you!
You die...

## .### ...
.. ##o#
....###@#
#...o#
####.# #.
#.# .. #.# #
#. #.#.####
##.
###......#
#...
#....(##.#
#.####.###.#


You could see 2 orc priests.

Vanquished Creatures
  Sigmund (D:2)
  Robin (D:3)
  4 gnolls
  3 adders
  4 oozes
  An adder skeleton (D:4)
  2 worms
  7 dart slugs
  A leopard gecko (D:3)
  2 orcs
  4 giant cockroaches
  15 goblins
  10 hobgoblins
  8 kobolds
  A ball python (D:2)
  7 bats
  2 frilled lizards
  3 rats
76 creatures vanquished.

Notes
Turn   | Place    | Note
-------+----------+-------------------------------------------
     0 | D:1      | snakesoul the Vampire Enchanter began the quest for the Orb.
     0 | D:1      | Reached XP level 1. HP: 13/13 MP: 3/3
    79 | D:1      | Reached XP level 2. HP: 11/19 MP: 5/5
    84 | D:1      | Learned a level 2 spell: Ensorcelled Hibernation
   568 | D:2      | Reached skill level 5 in Hexes
   568 | D:2      | Reached XP level 3. HP: 24/24 MP: 6/6
   611 | D:1      | Reached skill level 5 in Stealth
   896 | D:1      | Learned a level 3 spell: Confuse
  1145 | D:2      | Reached XP level 4. HP: 29/30 MP: 5/8
  1742 | D:2      | Found a glowing golden altar of the Shining One.
  2110 | D:2      | Noticed Sigmund
  2124 | D:2      | Killed Sigmund
  2124 | D:2      | Reached XP level 5. HP: 22/35 MP: 4/10
  2124 | D:2      | Reached XP level 6. HP: 26/41 MP: 4/11
  2453 | D:2      | Found an iron altar of Okawaru.
  2616 | D:2      | Learned a level 3 spell: Tukima's Dance
  2644 | D:2      | Learned a level 3 spell: Dazzling Spray
  2836 | D:3      | Found a snail-covered altar of Cheibriados.
  3022 | D:3      | Noticed Robin
  3226 | D:3      | Killed Robin
  3229 | D:3      | Got a faintly humming helmet
  3240 | D:3      | Identified the cursed +0 helmet of the Harvest {rF+} (You took it off Robin on level 3 of the Dungeon)
  3603 | D:4      | Found a snail-covered altar of Cheibriados.
  3714 | D:4      | Killed from afar by an orc priest

Vault maps used:
D:1:      dpeg_arrival_fog
D:2:      okawaru_altar_gauntlet_db, tso_oasis_becter,
          nicolae_overflow_hidden_temple, first_bread, uniq_sigmund
D:3:      kennysheep_slug_shrine, uniq_robin
D:4:      kennysheep_big_flooded_room, old_standard_altar, st_stairs_12

Skill      XL: |  1  2  3  4 |
---------------+-------------+-----
Hexes          | 5 6 |  6.6
Stealth        | 5 6 |  6.6
Short Blades   | 2 3 |  3.2
Spellcasting   | 3 |  3.7
Dodging        | |  2.1

Action                   |  1- 3 |  4- 6 || total
-------------------------+-------+-------++-------
Melee: Dagger            |    98 |   188 ||   286
       Bite              |    13 |    12 ||    25
 Cast: Ensorcelled Hiber |     3 |    48 ||    51
       Corona            |     1 |       ||     1
  Use: Potion            |       |     2 ||     2
 Stab: Sleeping          |     5 |    36 ||    41
  Eat: Corpse            |       |     4 ||     4
Armor: Robe              |    18 |    64 ||    82
Dodge: Dodged            |    56 |   162 ||   218
